 Dungeon Crawl Stone Soup version 0.29.1-1-gd02db6906a (webtiles) character file.

Game seed: 11679467565881144966

385 Kruiper the Changer (level 6, -1/26 HPs)
             Began as a Felid Transmuter on Sept 18, 2022.
             Frozen to death by an endoplasm (5 damage)
             ... on level 2 of the Dungeon on Sept 19, 2022.
             The game lasted 01:28:16 (6283 turns).

Kruiper the Changer (Felid Transmuter)              Turns: 6283, Time: 01:28:16

Health: -1/26      AC:  2    Str:  6    XL:     6   Next: 48%
Magic:  11/11      EV: 19    Int: 14    God:
Gold:   106        SH:  0    Dex: 19    Spells: 6/10 levels left
                                        Lives:  0   Deaths: 1

rFire   . . .      SeeInvis +     - Unarmed
rCold   . . .      Faith    .   (shield unavailable)
rNeg    . . .      Spirit   .   (body armour unavailable)
rPois   .          Reflect  .   (helmet unavailable)
rElec   .          Harm     .   (cloak unavailable)
rCorr   .          Rampage  .   (gloves unavailable)
Will    .....                   (boots unavailable)
Stlth   +++.......              (no amulet)
HPRegen 0.08/turn               (no ring)
MPRegen 0.12/turn               (no ring)

@: on berserk cooldown, hasted and slowed, quick
A: very small, claws 1, fangs 3, see invisible, speed 1, shaggy fur 2, stealthy
paws, no weapons or thrown items, no armour, multi-lived, subdued magic 1
a: no special abilities


You were on level 2 of the Dungeon.
You visited 1 branch of the dungeon, and saw 6 of its levels.

You collected 106 gold pieces.

Inventory:

Hand Weapons
 e - a +1 dagger
Wands
 p - a wand of paralysis (11)
Scrolls
 b - a scroll of enchant armour
 c - a scroll of noise
 g - a scroll of magic mapping
Potions
 d - a potion of cancellation
 f - a potion of might
 m - a potion of attraction


   Skills:
 - Level 2.0 Fighting
 - Level 4.0 Dodging
 + Level 3.9 Stealth
 - Level 4.0 Unarmed Combat
 - Level 2.7 Spellcasting
 - Level 2.8 Summonings
 - Level 4.3 Transmutations
 + Level 1.7 Ice Magic
 + Level 1.8 Poison Magic


You had 6 spell levels left.
You knew the following spells:

 Your Spells              Type           Power      Damage    Failure   Level
a - Beastly Appendage     Tmut           20%        N/A       2%          1
b - Wereblood             Tmut           10%        N/A       4%          2
s - Summon Small Mammal   Summ           28%        N/A       5%          1

Your spell library contained the following spells:

 Spells                   Type           Power      Damage    Failure   Level
 Spider Form              Tmut/Pois      8%         N/A       16%         3
 Call Canine Familiar     Summ           7%         N/A       17%         3
 Summon Guardian Golem    Hex/Summ       4%         N/A       32%         3
 Ice Form                 Ice/Tmut       7%         N/A       50%         4
 Animate Dead             Necr           1%         N/A       89%         4
 Borgnjor's Vile Clutch   Necr/Erth      0%         N/A       99%         5
 Death Channel            Necr           0%         N/A       100%        6


Dungeon Overview and Level Annotations

Branches:
Dungeon (6/15)
 Temple: D:4-7

Altars:
Sif Muna
Wu Jian

Annotations:
D:2 Robin, Sigmund
D:6 Prince Ribbit


Innate Abilities, Weirdness & Mutations

You have sharp claws.
You have razor-sharp teeth.
You have supernaturally acute eyesight. (SInv)
You cover ground quickly. (Speed+)
You are covered in thick fur. (AC +2)
Your paws help you pounce on unaware monsters.
You are incapable of wielding weapons or throwing items.
You cannot wear armour.
You gain extra lives every three experience levels.
Your spells are a little easier to cast, but a little less powerful.


Message History

You easily resist.
Cornered, the goblin turns to fight!
Cornered, the hobgoblin turns to fight!
You see here a +0 club.
The goblin attacks as you move away! The goblin completely misses you.
A hobgoblin comes into view.
The hobgoblin no longer looks unusually strong.
The goblin no longer looks unusually strong.
The goblin hits you with a +0 dagger.
* * * LOW HITPOINT WARNING * * *
You feel better.
The goblin no longer looks unusually strong.
The hobgoblin completely misses you. The goblin attacks as you move away!
The goblin hits you but does no damage.
The hobgoblin shouts!
The goblin hits you with a +0 dagger.
* * * LOW HITPOINT WARNING * * *
The goblin barely misses you. The goblin attacks as you move away!
The goblin closely misses you.
The goblin no longer looks unusually strong. x2
The goblin unwields a +0 dagger.
The goblin wields a +0 sling.
The goblin shoots a sling bullet.
The sling bullet barely misses you. The hobgoblin hits you.
* * * LOW HITPOINT WARNING * * *
Sigmund gestures wildly while chanting.
Sigmund flickers and vanishes for a moment.
Cornered, the goblin turns to fight!
The hobgoblin completely misses you. The goblin attacks as you move away!
The goblin barely misses you. The goblin misses you.
The hobgoblin attacks as you move away! The hobgoblin misses you.
The endoplasm quivers.
You feel yourself speed up. The hobgoblin hits you.
* * * LOW HITPOINT WARNING * * *
The goblin misses you.
A hobgoblin breaks down the door.
The goblin shoots a sling bullet.
The sling bullet closely misses you.
The endoplasm hits you but does no damage.
Found a stone staircase leading down.
There is a stone staircase leading up here.
The endoplasm freezes you.
You are frozen.
You die...

.........######..
.................
>.............(.
................# ..
#...##........ #.
#...#$........ #.
#...#[........ #.
#..ggJ@.......
########.
#.gg####.#....
.......#'##g.......#
.
.........g.........#
.........g.........#
........@..........#
..............######
######.....####
#.....#


You could see an endoplasm, 2 hobgoblins and 3 goblins.

Vanquished Creatures
  A necrophage (D:4)
  2 scorpions (D:4)
  3 hounds (D:4)
  Jessica (D:3)
  Natasha (D:3)
  3 orc wizards
  An iguana (D:4)
  4 adders
  A worm (D:4)
  A dart slug (D:4)
  10 orcs
  6 ball pythons
  3 bats
  9 endoplasms
  A giant cockroach (D:1)
  4 hobgoblins
  3 kobolds
  4 quokkas
  6 frilled lizards
  11 goblins
  3 rats
78 creatures vanquished.

Vanquished Creatures (collateral kills)
  An ogre (D:4)
  An orc (D:3)
  2 endoplasms (D:4)
  A goblin (D:2)
5 creatures vanquished.

Grand Total: 83 creatures vanquished

Notes
Turn   | Place    | Note
-------+----------+-------------------------------------------
     0 | D:1      | Kruiper the Felid Transmuter began the quest for the Orb.
     0 | D:1      | Reached XP level 1. HP: 9/9 MP: 4/4
   508 | D:1      | Reached XP level 2. HP: 12/12 MP: 6/6
   511 | D:1      | Learned a level 2 spell: Wereblood
   658 | D:1      | Found a faded altar of an unknown god.
  1448 | D:2      | Reached XP level 3. HP: 15/15 MP: 5/7
  1774 | D:2      | Noticed Sigmund
  2527 | D:3      | Noticed Natasha
  2950 | D:4      | Noticed a scorpion
  2954 | D:4      | Learned a level 1 spell: Summon Small Mammal
  2988 | D:4      | Noticed a scorpion
  3051 | D:4      | Reached skill level 1 in Summonings
  3051 | D:4      | Reached XP level 4. HP: 8/19 MP: 7/9
  3270 | D:4      | Killed a scorpion
  3271 | D:4      | Reached XP level 5. HP: 17/22 MP: 10/10
  3986 | D:4      | Noticed an ogre
  4008 | D:4      | Killed an ogre
  4009 | D:4      | Reached skill level 1 in Stealth
  4009 | D:4      | Gained mutation: You are covered in thick fur. (AC +2)
                  | [Felid growth]
  4009 | D:4      | Reached XP level 6. HP: 26/26 MP: 9/11
  4931 | D:4      | Found a shimmering blue altar of Sif Muna.
  4948 | D:5      | Entered Level 5 of the Dungeon
  5120 | D:6      | Noticed Prince Ribbit
  5165 | D:4      | Reached skill level 1 in Ice Magic
  5165 | D:4      | Reached skill level 1 in Poison Magic
  5559 | D:3      | Killed from afar by an orc wizard
  5560 | D:3      | Reached XP level 5. HP: -3/22 MP: 9/10
  5584 | D:3      | Reached XP level 6. HP: 20/26 MP: 8/11
  5885 | D:3      | Noticed Jessica
  5895 | D:3      | Killed Jessica
  5955 | D:3      | Found an ornate altar of the Wu Jian Council.
  5960 | D:3      | Noticed a spectral centipede
  5960 | D:3      | Noticed a spectral black mamba
  5960 | D:3      | Noticed a spectral cane toad
  6193 | D:3      | Killed Natasha
  6224 | D:2      | Noticed Robin
  6238 | D:2      | Gained mutation: Your spells are a little easier to cast,
                  | but a little less powerful. [potion of mutation]
  6283 | D:2      | Frozen to death by an endoplasm

Illustrated notes

Levels and vault maps discovered:
D:1:      matt_arrival_diagonals, layout_basic,
          hellmonk_ecumenical_altar_heavens_door
D:2:      layout_basic, uniq_robin, uniq_sigmund
D:3:      layout_rooms, pdpol_wu_jian_five_deadly_venoms, serial_corexii_hall,
          corexii_hall_statues_x, corexii_hall_statues_u,
          chequers_hall_statues_wall_a, corexii_hall_statues_x,
          hangedman_abyss_or_decor_lesser_grid, kennysheep_decorative_pillar,
          uniq_natasha, uniq_jessica
D:4:      layout_basic, led_sif_pool
D:5:      layout_basic, okawaru_gym_becter, xom_butterflies,
          general_overflow_altar, nicolae_qazlal_scattered_showers
D:6:      layout_cave_pools, minmay_temple_entry_nine_rooms,
          gup_ossuary_entry_pyramid, serial_glass, glass_columns_a,
          glass_columns_b, uniq_menkaure, uniq_prince_ribbit1

Skill      XL: |  1  2  3  4  5  6 |
---------------+-------------------+-----
Dodging        | 3 4 |  4.0
Transmutations | 3 4 |  4.3
Summonings     | 1 2 |  2.8
Fighting       | 2 |  2.0
Stealth        | 1 3 |  3.9
Unarmed Combat | 4 |  4.0
Ice Magic      | 1 |  1.7
Poison Magic   | 1 |  1.8
Spellcasting   | |  2.7

Action                   |  1- 3 |  4- 6 || total
-------------------------+-------+-------++-------
Melee: Unarmed           |   107 |   128 ||   235
       Bite              |     7 |    15 ||    22
       Headbutt          |    11 |    19 ||    30
       Punch             |     7 |     1 ||     8
 Cast: Beastly Appendage |    28 |    27 ||    55
       Summon Small Mamm |     2 |    52 ||    54
       Wereblood         |     1 |       ||     1
  Use: Scroll            |     5 |     8 ||    13
       Potion            |     2 |    10 ||    12
 Stab: Invisible         |     2 |       ||     2
       Sleeping          |     3 |     4 ||     7
       Distracted        |       |     2 ||     2
Armor: Skin              |     2 |    41 ||    43
Dodge: Dodged            |    71 |   120 ||   191
